 Dungeon Crawl Stone Soup version 0.30.1-11-g7821555f0a (webtiles) character file.

Game seed: 10951914668763435109

74 KittyFluff the Trooper (level 4, -2/29 HPs)
             Began as a Gargoyle Berserker on Nov 4, 2023.
             Was a Believer of Trog.
             Splashed by a jelly's acid (8 damage)
             ... on level 3 of the Dungeon.
             The game lasted 00:05:45 (1611 turns).

KittyFluff the Trooper (Gargoyle Berserker)         Turns: 1611, Time: 00:05:47

Health: -2/29      AC:  1    Str: 22    XL:     4   Next: 30%
Magic:  4/4        EV: 11    Int:  8    God:    Trog [**....]
Gold:   127        SH:  0    Dex:  9    Spells: 3/3 levels left

rFire   . . .        a - +0 mace
rCold   . . .        (no shield)
rNeg    + . .        n - +0 leather armour
rPois   ∞            g - +0 helmet
rElec   +            (no cloak)
rCorr   .            (no gloves)
SInv    .            f - +0 pair of boots
Will    .....        (no amulet)
Stlth   +            c - +4 ring of protection
HPRegen 0.24/turn    (no ring)
MPRegen 0.09/turn

%: no passive effects
@: corroded
A: sickness immunity, AC +3, negative energy resistance 1, electricity
resistance, torment resistance 1, petrification resistance
a: Renounce Religion, Berserk, Trog's Hand


You were on level 3 of the Dungeon.
You worshipped Trog.
Trog was pleased with you.
You visited 1 branch of the dungeon, and saw 3 of its levels.

You collected 127 gold pieces.

Inventory:

Hand Weapons
 a - a +0 mace (weapon)
Missiles
 m - 2 boomerangs of dispersal (quivered)
Armour
 f - a +0 pair of boots (worn)
 g - a +0 helmet (worn)
 n - a +0 leather armour (worn)
Jewellery
 c - a +4 ring of protection (left hand)
Scrolls
 d - 2 scrolls of acquirement {unknown}
 h - a scroll of enchant weapon {unknown}
 l - 2 scrolls of vulnerability {unknown}
Potions
 e - a potion of lignification {unknown}
 i - a potion of heal wounds {unknown}
 j - a potion of magic {unknown}
 k - a potion of curing


   Skills:
 + Level 3.8 Fighting
 * Level 3.7 Maces & Flails
 * Level 3.3 Armour
 + Level 2.0 Dodging


You had 3 spell levels left.
You didn't know any spells.
Your spell library was empty.

Dungeon Overview and Level Annotations

Branches:
Dungeon (3/15)

Altars:
Okawaru

Shops:
D:1 [


Innate Abilities, Weirdness & Mutations

You are immune to sickness and miasma.
Your stone body is resilient. (AC +3)
You are immune to poison.
You resist negative energy. (rN+)
You are resistant to electric shocks. (rElec)
You are resistant to unholy torment.
You are immune to petrification.


Message History

You see here a +0 leather armour.
n - a +0 leather armour You start removing your armour.
You continue taking off your +0 animal skin. x4
You finish taking off your +0 animal skin.
You start putting on your armour.
You continue putting on your +0 leather armour. x5
You finish putting on your +0 leather armour.
You drop a +0 animal skin.
Found 16 gold pieces.
Found a book of Burglary.
A jelly comes into view.
The jelly quivers.
You now have 127 gold pieces (gained 16).
There are no items here.
You hit the jelly.
Your hands burn!
The jelly is lightly wounded.
The jelly hits you but does no damage.
You hit the jelly but do no damage.
Your hands burn!
The jelly is lightly wounded.
The jelly hits you but does no damage.
You hit the jelly. The acid corrodes you!
Your hands burn!
The jelly is moderately wounded.
The jelly hits you but does no damage. The jelly misses you.
You hit the jelly.
Your hands burn!
The jelly is heavily wounded.
The jelly barely misses you.
You hit the jelly but do no damage. The acid corrodes you!
Your hands burn!
The jelly is heavily wounded.
The jelly closely misses you.
You hit the jelly but do no damage.
Your hands burn!
The jelly is heavily wounded.
The jelly misses you.
You hit the jelly but do no damage.
Your hands burn!
* * * LOW HITPOINT WARNING * * *
The jelly is heavily wounded.
The jelly hits you.
* * * LOW HITPOINT WARNING * * *
The acid corrodes you!
You are splashed with acid!
You die...

### #.. #.# #J# #.# #.#
######.######
########......J@...#
#...##...[...#.####:# .#
#.#.##.##.#.####... ##
#..##........... #.. #
#.............> .. ##
##...........## .
.###.#.###.......###.#..
#...##.##<........).....
##..##.###.......###.#..


You could see a jelly.

Vanquished Creatures
  Natasha (D:3)
  An adder (D:3)
  2 worms (D:2)
  3 ball pythons (D:1)
  2 bats (D:1)
  An endoplasm (D:2)
  3 giant cockroaches
  2 goblins (D:2)
  4 hobgoblins
  3 jackals (D:2)
  2 quokkas (D:2)
  A frilled lizard (D:1)
  6 kobolds
  A rat (D:1)
32 creatures vanquished.

Notes
Turn   | Place    | Note
-------+----------+-------------------------------------------
     0 | D:1      | KittyFluff the Gargoyle Berserker began the quest for the
                  | Orb.
     0 | D:1      | Reached XP level 1. HP: 14/14 MP: 1/1
   120 | D:1      | Found Goacoenu's Antique Armour Emporium.
   352 | D:1      | Reached XP level 2. HP: 19/19 MP: 2/2
   786 | D:2      | Found an iron altar of Okawaru.
   845 | D:2      | Reached XP level 3. HP: 23/23 MP: 3/3
   998 | D:2      | Reached ** piety under Trog
  1363 | D:3      | Noticed Natasha
  1379 | D:3      | Killed Natasha
  1380 | D:3      | Reached XP level 4. HP: 12/29 MP: 4/4
  1611 | D:3      | Splashed by a jelly's acid

Illustrated notes

Levels and vault maps discovered:
D:1:      wander_arrival_chamber, layout_loops_ring, serial_shops, shop,
          roderic_lattice_a
D:2:      layout_loops_ring, basic_altar
D:3:      layout_loops_ring, gammafunk_ghost_split,
          chequers_hall_statues_corner_a, uniq_natasha, uniq_crazy_yiuf_cottage

Skill      XL: |  1  2  3 |
---------------+----------+-----
Armour         | 3 |  3.3
Dodging        | 2 |  2.0
Fighting       | |  3.8
Maces & Flails | |  3.7

Action                     |  1- 3 |  4- 6 || total
---------------------------+-------+-------++-------
  Melee: Mace              |   109 |    14 ||   123
 Armour: Animal skin       |    54 |     2 ||    56
         Leather armour    |       |     3 ||     3
  Dodge: Dodged            |    81 |    10 ||    91
